 Dungeon Crawl Stone Soup version 0.24.0-125-gc4c63601f3 (webtiles) character file.

Game seed: 4624913106933938991, levelgen mode: deterministic

985 Johnny the Chiller (level 7, 47/50 HPs)
             Began as a Green Draconian Ice Elementalist on Mar 4, 2020.
             Got out of the dungeon alive.
             The game lasted 00:04:50 (4849 turns).

Johnny the Chiller (DrIE)                           Turns: 4849, Time: 00:04:50

Health: 47/50      AC:  6    Str: 11    XL:     7   Next: 97%
Magic:  16/16      EV: 18    Int: 17    God:
Gold:   297        SH:  0    Dex: 11    Spells: 13/18 levels left

rFire    . . .     SeeInvis .   y - +2 spear (venom)
rCold    . . .     Gourm    .   (no shield)
rNeg     . . .     Faith    .   (armour unavailable)
rPois    +         Spirit   +   (helmet restricted)
rElec    .         Reflect  .   (no cloak)
rCorr    .         Harm     .   (no gloves)
MR       .....                  (no boots)
Stlth    ++........             g - amulet of guardian spirit
HPRegen  0.16/turn              f - ring of wizardry
MPRegen  0.15/turn              t - +6 ring of evasion

@: no status effects
A: breathe noxious fumes, unfitting armour, poison resistance, cold-blooded, AC
+6
a: Breathe Noxious Fumes


You escaped.
You were not hungry.

You visited 1 branch of the dungeon, and saw 6 of its levels.
You also visited: Sewer.

You collected 297 gold pieces.

Inventory:

Hand Weapons
 y - a +2 spear of venom (weapon)
Jewellery
 f - a ring of wizardry (left hand)
 g - an amulet of guardian spirit (around neck)
 i - an uncursed amulet of guardian spirit
 o - a +3 ring of strength
 t - a +6 ring of evasion (right hand)
 v - a +3 ring of strength
Scrolls
 a - 5 scrolls of teleportation
 c - a scroll of fog {unknown}
 e - a scroll of fear
 j - a scroll of noise
 k - a scroll of immolation {unknown}
 l - 3 scrolls of remove curse
 m - 3 scrolls of blinking
 r - a scroll of enchant weapon {unknown}
 u - 2 scrolls of random uselessness {unknown}
Potions
 d - a potion of magic {unknown}
 h - a potion of invisibility {unknown}
 n - a potion of heal wounds {unknown}
 p - a potion of curing {unknown}
Comestibles
 b - 6 rations
 q - 2 chunks of flesh


   Skills:
 - Level 1.7 Dodging
 - Level 1.7 Stealth
 + Level 6.2 Spellcasting
 - Level 1.0 Conjurations
 + Level 7.2 Ice Magic


You had 13 spell levels left.
You knew the following spells:

 Your Spells              Type           Power        Failure   Level  Hunger
a - Freeze                Ice            ####         1%          1    None
b - Throw Icicle          Conj/Ice       ###.....     10%         4    ####...

Your spell library contained the following spells:

 Spells                   Type           Power        Failure   Level  Hunger
 Throw Frost              Conj/Ice       ###...       1%          2    None
 Ozocubu's Armour         Chrm/Ice       ###.....     3%          3    ##.....
 Summon Ice Beast         Ice/Summ       ###.....     12%         4    ####...


Dungeon Overview and Level Annotations

Branches:
Dungeon (6/15)              Sewer (visited)
 Temple: D:4-7

Altars:
Zin


Innate Abilities, Weirdness & Mutations

You can breathe blasts of noxious fumes.
Your lurid green scales are hard. (AC +6)
You cannot fit into any form of body armour.
Your system is resistant to poisons. (rPois)
You are cold-blooded and may be slowed by cold attacks.


Message History

You climb upwards.
There is a stone staircase leading down here.
(D) Dungeon
Where to? (Enter - D:5 @ (x,y), ? - help)
Okay, then.
There is a stone staircase leading up here.
You climb upwards.
There is a stone staircase leading down here.
There is an escape hatch in the floor here.
There is a stone staircase leading up here.
You climb upwards.
There is a stone staircase leading down here.
There is a stone staircase leading up here.
You climb upwards.
There is a stone staircase leading down here.
There is a dry fountain here.
There is a dry fountain here.
There is a staircase leading out of the dungeon here.
Are you sure you want to leave the Dungeon?
This will make you lose the game!
You have escaped!

#.## ##.......##
##..##.##.##.. ###
##.....## ##.##.##.##.# #
##...## #....##.##.. ###
##'## #..####.#### ..# #.#
#..# #.# #.# #.# #..####.#
## #.#########.#######
#.......# #.
........##...##...##
##.###### #.
..#####.#...##..@..####.#
#. ###
##...#.##.......##..# #.
#.....##..⌠...⌠..#### #.
#....##...........## ##
#...##.⌠....⌠....⌠.##
##.##...............##
###..⌠...⌠...⌠...⌠..##
######...................##
#...#......⌠.......⌠......#
###


There were no monsters in sight!

Vanquished Creatures
  An ice beast (D:6)
  A sky beast (D:5)
  5 big kobolds (Sewer)
  A bullfrog (D:6)
  A water moccasin zombie (D:5)
  A jelly (D:6)
  A bullfrog skeleton (D:5)
  2 hounds
  An iguana (D:5)
  A worker ant (D:6)
  A worker ant zombie (D:5)
  4 gnolls
  6 adders
  5 oozes
  7 worms
  5 leopard geckos
  8 orcs
  6 giant cockroaches
  5 goblins
  6 hobgoblins
  4 jackals (D:1)
  9 kobolds
  3 quokkas
  2 ball pythons (Sewer)
  9 bats
  3 frilled lizards
  6 rats
104 creatures vanquished.

Vanquished Creatures (others)
  A leopard gecko (D:6)
1 creature vanquished.

Grand Total: 105 creatures vanquished

Notes
Turn   | Place    | Note
-------+----------+-------------------------------------------
     0 | D:1      | Johnny the Draconian Ice Elementalist began the quest for
                  | the Orb.
     0 | D:1      | Reached XP level 1. HP: 14/14 MP: 3/3
   833 | D:1      | Reached XP level 2. HP: 13/20 MP: 3/5
  1701 | D:2      | Reached XP level 3. HP: 25/26 MP: 7/7
  2452 | D:3      | Reached skill level 4 in Ice Magic
  2619 | D:3      | Reached XP level 4. HP: 33/33 MP: 8/8
  2625 | D:3      | Learned a level 4 spell: Throw Icicle
  2989 | D:3      | Reached XP level 5. HP: 22/38 MP: 2/10
  3525 | D:4      | Found a glowing silver altar of Zin.
  3525 | D:4      | Noticed an angel
  3620 | D:5      | Entered Level 5 of the Dungeon
  3621 | D:5      | Noticed a sky beast
  3802 | D:6      | Reached skill level 5 in Ice Magic
  3809 | D:6      | Noticed an ice beast
  3861 | D:6      | Killed an ice beast
  3861 | D:6      | Reached XP level 6. HP: 36/45 MP: 6/12
  3877 | D:6      | Found a glowing drain.
  3895 | Sewer    | Entered a sewer
  4193 | Sewer    | Reached skill level 5 in Spellcasting
  4249 | Sewer    | Reached skill level 6 in Ice Magic
  4249 | Sewer    | Your scales start taking on a lurid green colour.
  4249 | Sewer    | Reached XP level 7. HP: 48/50 MP: 11/14
  4249 | Sewer    | Gained mutation: Your system is resistant to poisons.
                  | (rPois) [Green Draconian growth]
  4693 | D:5      | Reached skill level 7 in Ice Magic
  4849 | D:$      | Got out of the dungeon alive.

Levels and vault maps discovered:
D:1:      dpeg_arrival_lava_temple_mockup, layout_loops_corners
D:2:      layout_rooms
D:3:      layout_loops_ring, first_ration
D:4:      layout_loops_cross, zin_angel
D:5:      layout_basic, minmay_manual_monstrance
D:6:      layout_basic, gup_sewer_entry_pipe

Skill      XL: |  1  2  3  4  5  6  7 |
---------------+----------------------+-----
Spellcasting   | 3 4 5 6 |  6.2
Ice Magic      | 4 5 6 7 |  7.2
Dodging        | |  1.7
Stealth        | |  1.7
Conjurations   | |  1.0

Action                   |  1- 3 |  4- 6 |  7- 9 || total
-------------------------+-------+-------+-------++-------
Melee: Unarmed           |    76 |       |       ||    76
       Tailslap          |    12 |    15 |    11 ||    38
       Spear             |    52 |   145 |   104 ||   301
       Falchion          |    22 |     1 |       ||    23
       Short sword       |       |    32 |       ||    32
 Cast: Freeze            |    23 |    13 |     4 ||    40
       Throw Icicle      |       |     3 |     3 ||     6
  Use: Scroll            |       |     5 |       ||     5
       Potion            |       |     3 |       ||     3
 Stab: Sleeping          |     7 |     4 |     3 ||    14
       Distracted        |       |     1 |       ||     1
  Eat: Chunk             |     6 |     5 |       ||    11
       Ration            |       |       |     1 ||     1
Armor: Skin              |    61 |    34 |    14 ||   109
Dodge: Dodged            |   119 |   167 |    75 ||   361
       Rpst.: Falchion   |     4 |       |       ||     4
